Map: Proxima Station LE

Players

SLeet - Winner!

  • Race: Zerg Zerg
  • Spawn Location: 1:00

mLty

  • Race: Terran Terran
  • Spawn Location: 7:00

Event: WCS Austin 2017

VOD

Have the link to the VOD?

Description

Time

  • Played on: April 28, 2017, 2:01 p.m.
  • Length: 7:36

All games in this series

Show
View Real Time Build Order
Export as new Build Order

SLeet Zerg - Winner!

Build Orders: Hatch First 

Get SALT Encoding   

  12  0:00  Drone  
  13  0:12  Overlord  
  13  0:17  Drone  
  14  0:31  Drone x2  
  14  0:35  Drone  
  17  0:53  Hatchery  
  17  0:55  Drone  
  17  0:59  Drone  
  18  1:09  Extractor  
  17  1:15  Spawning Pool  
  17  1:17  Drone  
  17  1:20  Drone  
  18  1:28  Drone  
  19  1:38  Overlord  
  19  1:50  Drone  
  20  2:01  Queen  
  20  2:02  Zergling x2  
  20  2:05  Queen  
  20  2:06  Zergling x2  
  26  2:10  Metabolic Boost  
  26  2:12  Drone  
  27  2:18  Drone  
  28  2:25  Drone  
  28  2:27  Drone  
  30  2:33  Drone  
  31  2:37  Queen  
  31  2:38  Drone  
  34  2:46  Overlord  
  34  2:48  Drone  
  35  2:54  Drone  
  36  3:03  Hatchery  
  36  3:05  Drone x2  
  37  3:14  Overlord  
  37  3:15  Drone  
  37  3:16  Drone x2  
  37  3:17  Drone x3  
  43  3:22  Extractor  
  43  3:25  Drone x2  
  44  3:32  Drone  
  45  3:35  Overlord  
  45  3:43  Drone  
  45  3:45  Drone  
  45  3:47  Drone x3  
  45  3:48  Overlord  
  50  3:49  Zergling x2  
  50  3:50  Zergling x2  
  52  3:57  Overlord  
  52  3:59  Baneling Nest  
  52  4:02  Evolution Chamber  
  49  4:05  Evolution Chamber  
  49  4:06  Drone x2  
  49  4:09  Drone  
  50  4:16  Drone x3, Queen  
  53  4:17  Drone  
  53  4:18  Drone x2  
  53  4:21  Drone  
  53  4:23  Drone  
  61  4:24  Drone  
  61  4:27  Drone  
  61  4:29  Zerg Melee Weapons Level 1  
  61  4:30  Drone  
  63  4:33  Overlord  
  63  4:42  Zerg Ground Armor Level 1  
  63  4:46  Zergling x6  
  63  4:52  Zergling x2  
  67  4:53  Zergling x12  
  67  4:54  Pneumatized Carapace  
  67  4:58  Baneling x2  
  73  5:06  Zergling x6  
  73  5:07  Zergling x2  
  77  5:09  Baneling x2  
  77  5:11  Overlord  
  77  5:13  Overlord  
  77  5:17  Drone  
  77  5:18  Extractor  
  77  5:19  Extractor x2  
  77  5:20  Extractor  
  74  5:22  Drone  
  74  5:24  Drone  
  74  5:25  Drone  
  74  5:26  Drone x5  
  74  5:27  Overlord x2  
  82  5:29  Lair  
  82  5:30  Drone  
  82  5:31  Drone  
  80  5:45  Drone x2  
  82  6:01  Drone  
  82  6:02  Drone x3, Queen  
  82  6:03  Drone x4  
  92  6:08  Overlord x2  
  92  6:09  Spine Crawler  
  92  6:10  Zergling x8  
  95  6:12  Zergling x2  
  95  6:17  Zergling x2  
  97  6:20  Overlord  
  97  6:26  Overlord x2  
  97  6:30  Overseer  
  97  6:31  Spire  
  97  6:32  Drone  
  97  6:35  Zergling x2  
  97  6:36  Zergling x10  
  97  6:38  Zergling x4  
  105  6:46  Hatchery  
  104  6:48  Zergling x6  
  104  6:52  Zergling x6  
  110  6:59  Zergling x4  
  111  7:02  Baneling x7  
  111  7:03  Zergling x2  
  112  7:12  Baneling x6  
  112  7:13  Baneling x9  
  112  7:14  Zergling x10  
Show
View Real Time Build Order
Export as new Build Order

mLty Terran 

Build Orders: Reaper Expand 

Get SALT Encoding   

  12  0:00  SCV  
  13  0:13  SCV  
  14  0:22  Supply Depot  
  14  0:25  SCV  
  15  0:43  SCV  
  15  0:46  Barracks  
  15  0:49  Refinery  
  16  0:55  SCV  
  17  1:08  SCV  
  18  1:20  SCV  
  19  1:33  Orbital Command  
  19  1:34  Reaper  
  20  1:46  Command Center  
  20  1:55  Barracks  
  20  1:58  SCV  
  20  2:01  Refinery  
  21  2:06  Barracks Reactor  
  21  2:10  SCV  
  22  2:16  Supply Depot  
  22  2:23  SCV  
  23  2:30  Factory  
  23  2:38  SCV  
  24  2:44  Barracks Tech Lab  
  24  2:46  Marine x2  
  26  2:57  SCV  
  27  3:03  Marine  
  27  3:04  Marine x2  
  27  3:05  Stimpack  
  30  3:14  Orbital Command  
  30  3:16  SCV  
  31  3:22  Starport  
  31  3:24  Factory Reactor  
  31  3:26  Marine  
  32  3:28  Marine  
  32  3:31  Marine  
  33  3:39  SCV  
  33  3:41  SCV  
  35  3:52  SCV  
  35  3:53  SCV  
  35  3:55  Marine x3  
  40  4:05  SCV x2  
  40  4:08  Medivac x2  
  46  4:12  Supply Depot  
  46  4:15  Widow Mine  
  46  4:16  Marine x3  
  51  4:21  Supply Depot  
  51  4:25  SCV x2  
  53  4:34  Marine x3  
  56  4:50  SCV x2  
  58  5:01  Hellion x2  
  58  5:02  Marine x2  
  58  5:03  Barracks  
  58  5:05  Barracks, SCV x2  
  67  5:10  Medivac  
  68  5:15  Armory  
  68  5:16  Engineering Bay  
  68  5:30  Hellion  
  70  5:39  Marine  
  70  5:40  Marine  
  70  5:41  Marine  
  70  5:42  Hellion  
  65  5:57  Barracks Reactor, Marine  
  65  5:58  Barracks Reactor, Starport Reactor  
  65  6:00  Hellion  
  66  6:06  Supply Depot  
  66  6:08  Supply Depot  
  66  6:21  Marine x3  
  69  6:31  Supply Depot  
  69  6:32  Barracks  
  69  6:36  Marine x4  
  69  6:37  Medivac x2  
  69  6:38  Hellion x2, Marine  
  69  6:39  Marine  
  82  6:40  Marine  
  84  6:54  Marine  
  85  6:55  Marine x3  
  85  6:56  Marine  
  85  6:57  Marine x2  
  85  7:00  Hellion x2  
  99  7:21  Barracks Reactor  
Tags
 
Add a new tag
Caveats
  • Supply blocks, unpowered buildings, or Contaminate may cause inaccurate times.
  • Supply counts are checked every 10 seconds.